Senators vs National
Created - 18 mars 2014 at 20:44
Goals
|
| Senators |
0 |
3 |
2 |
5 |
| National |
0 |
3 |
3 |
6 |
|
Shots
|
| Senators |
7 |
12 |
21 |
40 |
| National |
15 |
11 |
7 |
33 |
|
1st period
No Goal
Penalties :
Stanislav Chistov (BIN) for Hooking (Minor) at 10:31, Jesse Joensuu (Que) for Tripping (Minor) at 14:50, Cédric Lalonde-McNicoll (Que) for Goalie Interference (Minor) at 19:10
2nd period
1. Senators , Niklas Hagman 27 (Stanislav Chistov, Nikolai Kulemin) at 0:30 (PP)
2. National , Ben Maxwell 4 (Matt Donovan, Igor Makarov) at 1:28
3. National , Jonathan Cheechoo 10 (Rico Fata, Jan Hejda) at 2:16
4. Senators , B.J. Crombeen 45 (Gilbert Brule) at 3:46
5. National , Cédric Lalonde-McNicoll 11 (Pasi Salonen, Guillaume Desbiens) at 11:51
6. Senators , Nikolai Kulemin 32 (Gilbert Brule, B.J. Crombeen) at 15:25
Penalties :
Mathieu Carle (Que) for Holding (Minor) at 7:40, Jan Hejda (Que) for Fighting (Major) at 15:32, Ryan Parent (BIN) for Fighting (Major) at 15:32, Vladimir Mihalik (BIN) for Holding (Minor) at 15:50
3rd period
7. Senators , B.J. Crombeen 46 (Gilbert Brule, Milan Jurcina) at 10:49
8. National , Jonathan Cheechoo 11 (Rico Fata, Jan Hejda) at 14:02 (PP)
9. Senators , Gilbert Brule 46 (B.J. Crombeen, Vladimir Mihalik) at 16:02
10. National , Igor Makarov 13 (Jesse Joensuu, William Colbert) at 18:16
11. National , Jesse Joensuu 4 (Jan Hejda, Ben Maxwell) at 18:22
Penalties :
Vladimir Mihalik (BIN) for Hooking (Minor) at 0:11, Logan Stephenson (BIN) for High sticking (Minor) at 13:41, Andrew Murray (BIN) for Roughing (Minor) at 18:25
Goalie Stats
Jason LaBarbera (BIN), 27 saves from 33 shots - (0,818), L, 2-6-1, 60:00 minutes
Tyler Plante (Que), 35 saves from 40 shots - (0,875), W, 7-8-0, 60:00 minutes
Players Stats for Senators
Player Name G A P +/- PIM S H SB GA TA FO MP PP MP PK MP
------------------------------------------------------------------------------------
Andrew Murray 0 0 0 -3 2 3 1 0 0 1 3/6 12:57 0:00 1:08
B.J. Crombeen 2 2 4 4 0 8 1 0 2 0 2/7 22:54 2:52 4:25
Brett Sterling 0 0 0 -2 0 0 4 0 0 0 0/0 9:14 0:00 1:26
Clayton Stoner 0 0 0 0 0 0 0 3 0 0 0/0 15:28 0:58 1:42
Cody Hodgson 0 0 0 -2 0 0 0 1 0 0 1/4 7:03 0:00 0:00
Erik Karlsson 0 0 0 0 0 1 0 0 0 3 0/0 15:34 0:58 2:16
Gilbert Brule 1 3 4 4 0 4 1 1 0 0 21/39 20:48 2:52 2:19
Jack Skille 0 0 0 -3 0 1 1 0 1 0 0/2 11:20 0:00 0:00
Josh Hennessy 0 0 0 0 0 2 3 0 1 1 4/7 14:31 2:26 0:00
Logan Stephenson 0 0 0 -2 2 0 3 1 0 0 0/0 18:28 1:18 2:43
Milan Jurcina 0 1 1 -2 0 1 0 2 0 0 0/0 19:51 1:18 3:56
Niklas Hagman 1 0 1 0 0 4 1 1 0 1 0/0 16:31 2:26 2:00
Nikolai Kulemin 1 1 2 4 0 4 3 0 0 1 1/2 22:55 2:52 4:26
Ryan Parent 0 0 0 1 5 2 2 1 1 1 0/0 24:56 3:02 3:12
Stanislav Chistov 0 1 1 0 2 4 1 0 1 0 1/1 14:44 2:26 0:00
Steven Goertzen 0 0 0 -2 0 1 0 0 1 0 0/0 7:18 0:00 0:00
Travis Moen 0 0 0 -3 0 1 0 1 0 1 0/0 11:20 0:00 0:00
Vladimir Mihalik 0 1 1 1 4 4 5 0 0 0 0/0 26:29 3:02 2:14
Players Stats for National
Player Name G A P +/- PIM S H SB GA TA FO MP PP MP PK MP
------------------------------------------------------------------------------------
Ben Maxwell 1 1 2 2 0 1 1 0 0 0 4/10 11:33 0:00 0:48
Cédric Lalonde-McNicoll 1 0 1 0 2 1 0 0 0 0 1/11 15:45 3:20 0:29
Dustin Kohn 0 0 0 0 0 1 2 1 0 0 0/0 19:08 3:00 1:02
Guillaume Desbiens 0 1 1 0 0 2 3 0 0 0 1/1 16:15 3:20 1:04
Igor Makarov 1 1 2 2 0 2 0 0 3 1 2/2 11:38 0:00 0:53
Jan Hejda 0 3 3 0 5 3 4 3 2 1 0/0 26:15 3:10 3:35
Jarod Palmer 0 0 0 -1 0 1 3 1 0 0 18/29 20:47 4:32 0:00
Jesse Joensuu 1 1 2 2 2 4 1 0 0 0 0/0 11:18 0:00 0:11
Johannes Salmonsson 0 0 0 0 0 2 0 1 0 0 0/0 8:34 0:00 0:58
Jonathan Cheechoo 2 0 2 -1 0 4 0 0 0 0 1/2 21:45 4:32 0:58
Mathieu Carle 0 0 0 0 2 2 1 0 2 2 0/0 19:13 3:00 1:02
Matt Donovan 0 1 1 1 0 2 2 0 0 0 0/0 11:10 0:00 0:41
Pasi Salonen 0 1 1 0 0 4 3 2 1 0 1/2 18:33 3:20 3:05
Pat Dwyer 0 0 0 0 0 0 0 0 0 0 0/0 7:36 0:00 0:00
Philip DeSimone 0 0 0 0 0 0 1 0 0 0 3/5 7:36 0:00 0:00
Rico Fata 0 2 2 -1 0 3 2 0 0 0 4/6 23:14 4:32 2:10
Ty Wishart 0 0 0 1 0 0 0 0 1 0 0/0 14:36 1:42 0:41
William Colbert 0 1 1 0 0 1 3 3 0 3 0/0 29:42 4:52 3:35
3 Stars
1 - B.J. Crombeen (BIN)
2 - Gilbert Brule (BIN)
3 - Nikolai Kulemin (BIN)
Power Play
Senators - 1 on 3 Attempt(s) - 33,33%
National - 1 on 5 Attempt(s) - 20,00%
Penalty Kill
Senators - 4 on 5 Attempt(s) - 80,00%
- Score 0 goal in Penalty Kill
National - 2 on 3 Attempt(s) - 66,67%
- Score 0 goal in Penalty Kill
Official
Referees : Auger Stephane and Charron Francis
Linesman : Derek Nansen and Mark Pare
Game Notes
Jan Hejda beats up Ryan Parent at 15:32 of 2nd period
17:36 of 3rd period - National goal is going for a video replay. After video review, No Goal. The puck has entered the net after making contact with an attacking player’s stick that is above the height of the crossbar.
Finance
Level 1 -- Attendance: 1377 (68,85%) -- Ticket Income 34 425 $
Level 2 -- Attendance: 741 (74,10%) -- Ticket Income 11 115 $
Total Attendance: 2118 (70,60%)
Total Ticket Income: 45 540 $
Other Income: 2 277 $
Total Income: 47 817 $
Senators
5 vs 5 Forward
Center Left Wing Right Wing Time % Phy DF OF
1 Gilbert Brule Nikolai Kulemin B.J. Crombeen 40 1 2 2
2 Josh Hennessy Niklas Hagman Stanislav Chistov 30 1 2 2
3 Andrew Murray Travis Moen Jack Skille 20 1 2 2
4 Cody Hodgson Brett Sterling Steven Goertzen 10 1 2 2
5 vs 5 Defense
Defense Defense Time % Phy DF OF
1 Ryan Parent Vladimir Mihalik 40 1 2 2
2 Milan Jurcina Logan Stephenson 30 1 2 2
3 Clayton Stoner Erik Karlsson 20 1 2 2
4 Ryan Parent Vladimir Mihalik 10 1 2 2
PowerPlay Forward
Center Left Wing Right Wing Time % Phy DF OF
1 Gilbert Brule Nikolai Kulemin B.J. Crombeen 60 1 2 2
2 Josh Hennessy Niklas Hagman Stanislav Chistov 40 1 2 2
PowerPlay Defense
Defense Defense Time % Phy DF OF
1 Ryan Parent Vladimir Mihalik 60 1 2 2
2 Milan Jurcina Logan Stephenson 40 1 2 2
Penalty Kill 4 Players Forward
Center Wing Time % Phy DF OF
1 B.J. Crombeen Nikolai Kulemin 60 1 2 2
2 Gilbert Brule Niklas Hagman 40 1 2 2
Penalty Kill 4 Players Defense
Defense Defense Time % Phy DF OF
1 Ryan Parent Vladimir Mihalik 60 1 2 2
2 Milan Jurcina Logan Stephenson 40 1 2 2
Penalty Kill - 3 Players Forward
Forward Time % Phy DF OF
1 B.J. Crombeen 60 1 2 2
2 Niklas Hagman 40 1 2 2
Penalty Kill - 3 Players Defense
Defense Defense Time % Phy DF OF
1 Ryan Parent Vladimir Mihalik 60 1 2 2
2 Milan Jurcina Logan Stephenson 40 1 2 2
4 vs 4 Forward
Center Wing Time % Phy DF OF
1 B.J. Crombeen Nikolai Kulemin 60 1 2 2
2 Gilbert Brule Niklas Hagman 40 1 2 2
4 vs 4 Defense
Defense Defense Time % Phy DF OF
1 Ryan Parent Vladimir Mihalik 60 1 2 2
2 Milan Jurcina Logan Stephenson 40 1 2 2
Last Minutes Offensive
Center Left Wing Right Wing Defense Defense
Gilbert Brule Niklas Hagman B.J. Crombeen Ryan Parent Vladimir Mihalik
Last Minutes Defensive
Center Left Wing Right Wing Defense Defense
Gilbert Brule Niklas Hagman B.J. Crombeen Ryan Parent Vladimir Mihalik
Goaltenders
Starting : Jason LaBarbera
Backup : Jeff Deslauriers
Extra Forwards
Normal : Jack Skille, Steven Goertzen, Andrew Murray - PP : Jack Skille, Steven Goertzen - PK : Andrew Murray
Extra Defensemen
Normal : Clayton Stoner, Erik Karlsson, Milan Jurcina - PP : Clayton Stoner - PK : Erik Karlsson, Milan Jurcina
Penalty Shots
B.J. Crombeen, Niklas Hagman, Gilbert Brule, Nikolai Kulemin, Stanislav Chistov
National
5 vs 5 Forward
Center Left Wing Right Wing Time % Phy DF OF
1 Jarod Palmer Rico Fata Jonathan Cheechoo 40 1 2 2
2 Cédric Lalonde-McNicoll Pasi Salonen Guillaume Desbiens 30 1 2 2
3 Ben Maxwell Jesse Joensuu Igor Makarov 20 1 2 2
4 Philip DeSimone Johannes Salmonsson Pat Dwyer 10 1 2 2
5 vs 5 Defense
Defense Defense Time % Phy DF OF
1 Jan Hejda William Colbert 40 1 2 2
2 Mathieu Carle Dustin Kohn 30 1 2 2
3 Ty Wishart Matt Donovan 20 1 2 2
4 Jan Hejda William Colbert 10 1 2 2
PowerPlay Forward
Center Left Wing Right Wing Time % Phy DF OF
1 Jarod Palmer Rico Fata Jonathan Cheechoo 60 1 2 2
2 Cédric Lalonde-McNicoll Pasi Salonen Guillaume Desbiens 40 1 2 2
PowerPlay Defense
Defense Defense Time % Phy DF OF
1 Jan Hejda William Colbert 60 1 2 2
2 Mathieu Carle Dustin Kohn 40 1 2 2
Penalty Kill 4 Players Forward
Center Wing Time % Phy DF OF
1 Rico Fata Pasi Salonen 60 1 2 2
2 Jonathan Cheechoo Guillaume Desbiens 40 1 2 2
Penalty Kill 4 Players Defense
Defense Defense Time % Phy DF OF
1 Jan Hejda William Colbert 60 1 2 2
2 Mathieu Carle Dustin Kohn 40 1 2 2
Penalty Kill - 3 Players Forward
Forward Time % Phy DF OF
1 Rico Fata 60 1 2 2
2 Pasi Salonen 40 1 2 2
Penalty Kill - 3 Players Defense
Defense Defense Time % Phy DF OF
1 Jan Hejda William Colbert 60 1 2 2
2 Mathieu Carle Dustin Kohn 40 1 2 2
4 vs 4 Forward
Center Wing Time % Phy DF OF
1 Rico Fata Pasi Salonen 60 1 2 2
2 Jonathan Cheechoo Guillaume Desbiens 40 1 2 2
4 vs 4 Defense
Defense Defense Time % Phy DF OF
1 Jan Hejda William Colbert 60 1 2 2
2 Mathieu Carle Dustin Kohn 40 1 2 2
Last Minutes Offensive
Center Left Wing Right Wing Defense Defense
Jarod Palmer Rico Fata Jonathan Cheechoo Jan Hejda William Colbert
Last Minutes Defensive
Center Left Wing Right Wing Defense Defense
Jarod Palmer Rico Fata Jonathan Cheechoo Jan Hejda William Colbert
Goaltenders
Starting : Tyler Plante
Backup : Trevor Cann
Extra Forwards
Normal : Jesse Joensuu, Johannes Salmonsson, Igor Makarov - PP : Jesse Joensuu, Johannes Salmonsson - PK : Igor Makarov
Extra Defensemen
Normal : Ty Wishart, Matt Donovan, Mathieu Carle - PP : Ty Wishart - PK : Matt Donovan, Mathieu Carle
Penalty Shots
Rico Fata, Pasi Salonen, Jonathan Cheechoo, Guillaume Desbiens, Jesse Joensuu
% Time on Ice - Senators
Lines # - Real PCT - Wanted PCT - Time Play
Normal Forward
1 - 35% - 40% - 16:22
2 - 26% - 30% - 12:05
3 - 24% - 20% - 11:20
4 - 15% - 10% - 7:03
Normal Defense
1 - 42% - 40% - 19:43
2 - 31% - 30% - 14:28
3 - 22% - 20% - 10:14
4 - 5% - 10% - 2:25
PP Forward
1 - 54% - 60% - 2:52
2 - 46% - 40% - 2:26
PP Defense
1 - 75% - 60% - 4:00
2 - 25% - 40% - 1:18
PK Forward
1 - 75% - 60% - 5:52
2 - 25% - 40% - 2:00
PK Defense
1 - 73% - 60% - 5:46
2 - 27% - 40% - 2:06
PK3 Forward
1 - 0% - 60%
2 - 0% - 40%
PK3 Defense
1 - 0% - 60%
2 - 0% - 40%
44 Forward
1 - 0% - 60%
2 - 0% - 40%
44 Defense
1 - 0% - 60%
2 - 0% - 40%
Last Minute Offensive - 0:00
Last Minute Defensive - 0:00
Total
Forward - 60:00
Defense - 60:00
|
% Time on Ice - National
Lines # - Real PCT - Wanted PCT - Time Play
Normal Forward
1 - 36% - 40% - 16:38
2 - 25% - 30% - 11:51
3 - 23% - 20% - 10:45
4 - 16% - 10% - 7:36
Normal Defense
1 - 41% - 40% - 19:15
2 - 32% - 30% - 15:06
3 - 22% - 20% - 10:16
4 - 5% - 10% - 2:13
PP Forward
1 - 58% - 60% - 4:32
2 - 42% - 40% - 3:20
PP Defense
1 - 62% - 60% - 4:52
2 - 38% - 40% - 3:00
PK Forward
1 - 80% - 60% - 4:14
2 - 20% - 40% - 1:04
PK Defense
1 - 81% - 60% - 4:16
2 - 19% - 40% - 1:02
PK3 Forward
1 - 0% - 60%
2 - 0% - 40%
PK3 Defense
1 - 0% - 60%
2 - 0% - 40%
44 Forward
1 - 0% - 60%
2 - 0% - 40%
44 Defense
1 - 0% - 60%
2 - 0% - 40%
Last Minute Offensive - 0:00
Last Minute Defensive - 0:00
Total
Forward - 60:00
Defense - 60:00
|
Play by Play
1st period
0:01 of 1st period - Gilbert Brule wins face-off versus Jarod Palmer in neutral zone.
0:26 of 1st period - Pasi Salonen is hit by Ryan Parent and loses puck.
2:17 of 1st period - Wrist shot by Andrew Murray.
2:17 of 1st period - Stopped by Tyler Plante with a rebound.
2:23 of 1st period - Travis Moen is hit by Matt Donovan and loses puck.
3:05 of 1st period - Slapshot by Rico Fata.
3:05 of 1st period - Shot Blocked by Milan Jurcina.
3:15 of 1st period - Snap shot by Guillaume Desbiens.
3:15 of 1st period - Stopped by Jason LaBarbera with a rebound.
3:40 of 1st period - Philip DeSimone is hit by Brett Sterling and loses puck.
4:39 of 1st period - Jack Skille is hit by Philip DeSimone and loses puck.
5:01 of 1st period - Icing by Guillaume Desbiens.
5:02 of 1st period - Guillaume Desbiens wins face-off versus Josh Hennessy in National zone.
5:07 of 1st period - Pasi Salonen is hit by Vladimir Mihalik and loses puck.
5:16 of 1st period - Slapshot by Pasi Salonen.
5:16 of 1st period - Stopped by Jason LaBarbera without a rebound.
5:17 of 1st period - Gilbert Brule wins face-off versus Jarod Palmer in Senators zone.
5:58 of 1st period - Icing by Josh Hennessy.
5:59 of 1st period - Andrew Murray wins face-off versus Ben Maxwell in Senators zone.
7:13 of 1st period - Gilbert Brule is hit by Mathieu Carle and loses puck.
7:30 of 1st period - Wrist shot by Jesse Joensuu.
7:30 of 1st period - Stopped by Jason LaBarbera with a rebound.
7:32 of 1st period - Slapshot by Matt Donovan.
7:32 of 1st period - Shot Blocked by Clayton Stoner.
7:34 of 1st period - Snap shot by Matt Donovan.
7:34 of 1st period - Stopped by Jason LaBarbera with a rebound.
7:36 of 1st period - Wrist shot by Jesse Joensuu.
7:36 of 1st period - Stopped by Jason LaBarbera with a rebound.
7:38 of 1st period - Slapshot by Jesse Joensuu.
7:38 of 1st period - Stopped by Jason LaBarbera with a rebound.
7:48 of 1st period - Clayton Stoner is hit by Rico Fata.
7:52 of 1st period - Snap shot by Rico Fata.
7:52 of 1st period - Stopped by Jason LaBarbera with a rebound.
7:54 of 1st period - Slapshot by Jan Hejda.
7:54 of 1st period - Stopped by Jason LaBarbera with a rebound.
7:56 of 1st period - Wrist shot by Jarod Palmer.
7:56 of 1st period - Stopped by Jason LaBarbera with a rebound.
8:34 of 1st period - Snap shot by Nikolai Kulemin.
8:34 of 1st period - Shot Misses the Net.
8:36 of 1st period - Snap shot by Nikolai Kulemin.
8:36 of 1st period - Stopped by Tyler Plante without a rebound.
8:37 of 1st period - Jarod Palmer wins face-off versus Gilbert Brule in National zone.
8:41 of 1st period - Off-side.
8:42 of 1st period - Gilbert Brule wins face-off versus Jarod Palmer in neutral zone.
9:19 of 1st period - Ty Wishart is hit by Josh Hennessy and loses puck.
9:59 of 1st period - Slapshot by B.J. Crombeen.
9:59 of 1st period - Stopped by Tyler Plante without a rebound.
10:00 of 1st period - Jarod Palmer wins face-off versus Gilbert Brule in National zone.
10:05 of 1st period - Gilbert Brule is hit by Jarod Palmer and loses puck.
10:28 of 1st period - Backhand shot by Pasi Salonen.
10:28 of 1st period - Deflect By Cédric Lalonde-McNicoll.
10:28 of 1st period - Shot Misses the Net.
10:28 of 1st period - Puck is out of play.
10:29 of 1st period - Josh Hennessy wins face-off versus Cédric Lalonde-McNicoll in Senators zone.
10:31 of 1st period - Minor Penalty to Stanislav Chistov for Hooking.
10:32 of 1st period - Jarod Palmer wins face-off versus B.J. Crombeen in Senators zone.
12:04 of 1st period - Pasi Salonen is hit by Logan Stephenson and loses puck.
12:31 of 1st period - Penalty to Stanislav Chistov is over, Stanislav Chistov is back on ice.
12:49 of 1st period - Off-side.
12:50 of 1st period - Ben Maxwell wins face-off versus Jack Skille in neutral zone.
13:17 of 1st period - Off-side.
13:18 of 1st period - Philip DeSimone wins face-off versus Josh Hennessy in neutral zone.
13:27 of 1st period - Wrist shot by Johannes Salmonsson.
13:27 of 1st period - Stopped by Jason LaBarbera with a rebound.
13:37 of 1st period - Dustin Kohn is hit by Ryan Parent and loses puck.
13:50 of 1st period - Slapshot by Johannes Salmonsson.
13:50 of 1st period - Stopped by Jason LaBarbera without a rebound.
13:51 of 1st period - Jarod Palmer wins face-off versus Gilbert Brule in Senators zone.
14:06 of 1st period - Slapshot by B.J. Crombeen.
14:06 of 1st period - Shot Misses the Net.
14:25 of 1st period - Wrist shot by Travis Moen.
14:25 of 1st period - Shot Misses the Net.
14:50 of 1st period - Minor Penalty to Jesse Joensuu for Tripping.
14:51 of 1st period - Pasi Salonen wins face-off versus Gilbert Brule in National zone.
15:24 of 1st period - Wrist shot by Stanislav Chistov.
15:24 of 1st period - Stopped by Tyler Plante without a rebound.
15:25 of 1st period - Rico Fata wins face-off versus Josh Hennessy in National zone.
15:36 of 1st period - Milan Jurcina is hit by Pasi Salonen and loses puck.
15:57 of 1st period - Snap shot by Jonathan Cheechoo.
15:57 of 1st period - Shot Misses the Net.
16:14 of 1st period - Wrist shot by Stanislav Chistov.
16:14 of 1st period - Shot Blocked by Jan Hejda.
16:16 of 1st period - Slapshot by Milan Jurcina.
16:16 of 1st period - Shot Blocked by Jan Hejda.
16:34 of 1st period - Wrist shot by Niklas Hagman.
16:34 of 1st period - Shot Misses the Net.
16:36 of 1st period - Snap shot by Niklas Hagman.
16:36 of 1st period - Deflect By Stanislav Chistov.
16:36 of 1st period - Shot Misses the Net.
16:36 of 1st period - Puck is out of play.
16:37 of 1st period - Rico Fata wins face-off versus Gilbert Brule in National zone.
16:50 of 1st period - Penalty to Jesse Joensuu is over, Jesse Joensuu is back on ice.
17:00 of 1st period - Backhand shot by Pasi Salonen.
17:00 of 1st period - Stopped by Jason LaBarbera with a rebound.
17:02 of 1st period - Slapshot by Mathieu Carle.
17:02 of 1st period - Stopped by Jason LaBarbera with a rebound.
17:04 of 1st period - Slapshot by Dustin Kohn.
17:04 of 1st period - Shot Blocked by Travis Moen.
17:06 of 1st period - Slapshot by Dustin Kohn.
17:06 of 1st period - Stopped by Jason LaBarbera without a rebound.
17:07 of 1st period - Ben Maxwell wins face-off versus Gilbert Brule in Senators zone.
17:08 of 1st period - Slapshot by Jan Hejda.
17:08 of 1st period - Stopped by Jason LaBarbera with a rebound.
17:21 of 1st period - Icing by Jan Hejda.
17:22 of 1st period - Gilbert Brule wins face-off versus Ben Maxwell in National zone.
17:49 of 1st period - Slapshot by Andrew Murray.
17:49 of 1st period - Stopped by Tyler Plante with a rebound.
17:51 of 1st period - Slapshot by Logan Stephenson.
17:51 of 1st period - Shot Blocked by William Colbert.
18:09 of 1st period - Snap shot by Stanislav Chistov.
18:09 of 1st period - Shot Misses the Net.
18:11 of 1st period - Wrist shot by Josh Hennessy.
18:11 of 1st period - Deflect By Jan Hejda.
18:11 of 1st period - Stopped by Tyler Plante with a rebound.
18:13 of 1st period - Slapshot by Erik Karlsson.
18:13 of 1st period - Shot Blocked by William Colbert.
18:33 of 1st period - Dustin Kohn is hit by Josh Hennessy and loses puck.
18:58 of 1st period - Wrist shot by B.J. Crombeen.
18:58 of 1st period - Shot Misses the Net.
19:00 of 1st period - Snap shot by Gilbert Brule.
19:00 of 1st period - Stopped by Tyler Plante with a rebound.
19:10 of 1st period - Minor Penalty to Cédric Lalonde-McNicoll for Goalie Interference.
19:11 of 1st period - Rico Fata wins face-off versus Gilbert Brule in National zone.
Goals for this period are 0 for Senators vs 0 for National.
Shots for this period are 7 for Senators vs 15 for National.
2nd period
0:01 of 2nd period - Gilbert Brule wins face-off versus Rico Fata in neutral zone.
0:30 of 2nd period - Snap shot by Niklas Hagman.
0:30 of 2nd period - Goal by Niklas Hagman - Senators : 1 - National : 0.
0:31 of 2nd period - Jarod Palmer wins face-off versus Gilbert Brule in neutral zone.
0:42 of 2nd period - Snap shot by Vladimir Mihalik.
0:42 of 2nd period - Shot Blocked by Jarod Palmer.
1:17 of 2nd period - Logan Stephenson is hit by Jesse Joensuu and loses puck.
1:24 of 2nd period - Snap shot by Igor Makarov.
1:24 of 2nd period - Shot Misses the Net.
1:26 of 2nd period - Slapshot by Matt Donovan.
1:26 of 2nd period - Deflect By Milan Jurcina.
1:26 of 2nd period - Stopped by Jason LaBarbera with a rebound.
1:28 of 2nd period - Snap shot by Ben Maxwell.
1:28 of 2nd period - Goal by Ben Maxwell - Senators : 1 - National : 1.
1:29 of 2nd period - Jarod Palmer wins face-off versus Gilbert Brule in neutral zone.
1:55 of 2nd period - Jan Hejda is hit by Brett Sterling and loses puck.
2:16 of 2nd period - Snap shot by Jonathan Cheechoo.
2:16 of 2nd period - Goal by Jonathan Cheechoo - Senators : 1 - National : 2.
2:17 of 2nd period - Gilbert Brule wins face-off versus Cédric Lalonde-McNicoll in neutral zone.
2:30 of 2nd period - Snap shot by B.J. Crombeen.
2:30 of 2nd period - Deflect By Gilbert Brule.
2:30 of 2nd period - Shot Blocked by Pasi Salonen.
2:30 of 2nd period - Puck is out of play.
2:31 of 2nd period - Jarod Palmer wins face-off versus Gilbert Brule in National zone.
2:56 of 2nd period - Pasi Salonen is hit by Josh Hennessy and loses puck.
3:21 of 2nd period - Snap shot by Jesse Joensuu.
3:21 of 2nd period - Shot Misses the Net.
3:23 of 2nd period - Snap shot by Igor Makarov.
3:23 of 2nd period - Deflect By Jesse Joensuu.
3:23 of 2nd period - Shot Misses the Net.
3:23 of 2nd period - Puck is out of play.
3:24 of 2nd period - Jarod Palmer wins face-off versus Jack Skille in Senators zone.
3:31 of 2nd period - Snap shot by Travis Moen.
3:31 of 2nd period - Stopped by Tyler Plante with a rebound.
3:33 of 2nd period - Snap shot by Vladimir Mihalik.
3:33 of 2nd period - Deflect By Jarod Palmer.
3:33 of 2nd period - Stopped by Tyler Plante with a rebound.
3:35 of 2nd period - Slapshot by Travis Moen.
3:35 of 2nd period - Shot Misses the Net.
3:37 of 2nd period - Snap shot by Ryan Parent.
3:37 of 2nd period - Shot Blocked by Dustin Kohn.
3:39 of 2nd period - Snap shot by Vladimir Mihalik.
3:39 of 2nd period - Deflect By Mathieu Carle.
3:39 of 2nd period - Stopped by Tyler Plante without a rebound.
3:40 of 2nd period - Gilbert Brule wins face-off versus Cédric Lalonde-McNicoll in National zone.
3:44 of 2nd period - Icing by Jan Hejda.
3:45 of 2nd period - Gilbert Brule wins face-off versus Cédric Lalonde-McNicoll in National zone.
3:46 of 2nd period - Snap shot by B.J. Crombeen.
3:46 of 2nd period - Goal by B.J. Crombeen - Senators : 2 - National : 2.
3:47 of 2nd period - Gilbert Brule wins face-off versus Jarod Palmer in neutral zone.
4:12 of 2nd period - Ryan Parent is hit by Guillaume Desbiens and loses puck.
4:49 of 2nd period - Andrew Murray is hit by Jan Hejda and loses puck.
5:20 of 2nd period - Travis Moen is hit by Jarod Palmer and loses puck.
5:29 of 2nd period - Dustin Kohn is hit by Logan Stephenson and loses puck.
5:40 of 2nd period - Andrew Murray is hit by Dustin Kohn and loses puck.
5:47 of 2nd period - Slapshot by Travis Moen.
5:47 of 2nd period - Shot Misses the Net.
6:09 of 2nd period - Mathieu Carle is hit by Andrew Murray and loses puck.
6:30 of 2nd period - Slapshot by Andrew Murray.
6:30 of 2nd period - Stopped by Tyler Plante with a rebound.
7:29 of 2nd period - Slapshot by Mathieu Carle.
7:29 of 2nd period - Stopped by Jason LaBarbera with a rebound.
7:40 of 2nd period - Minor Penalty to Mathieu Carle for Holding.
7:41 of 2nd period - Igor Makarov wins face-off versus Gilbert Brule in National zone.
7:57 of 2nd period - Snap shot by Pasi Salonen.
7:57 of 2nd period - Shot Misses the Net.
8:07 of 2nd period - Pasi Salonen is hit by Stanislav Chistov and loses puck.
8:40 of 2nd period - Gilbert Brule is hit by Jan Hejda and loses puck.
9:40 of 2nd period - Penalty to Mathieu Carle is over, Mathieu Carle is back on ice.
9:40 of 2nd period - Matt Donovan is hit by B.J. Crombeen and loses puck.
9:52 of 2nd period - Off-side.
9:53 of 2nd period - Philip DeSimone wins face-off versus Cody Hodgson in neutral zone.
9:56 of 2nd period - Steven Goertzen is hit by Matt Donovan.
10:10 of 2nd period - Ty Wishart is hit by Vladimir Mihalik and loses puck.
11:14 of 2nd period - Pat Dwyer is hit by Nikolai Kulemin.
11:15 of 2nd period - Icing by Pat Dwyer.
11:16 of 2nd period - Gilbert Brule wins face-off versus Philip DeSimone in National zone.
11:17 of 2nd period - Wrist shot by B.J. Crombeen.
11:17 of 2nd period - Stopped by Tyler Plante with a rebound.
11:34 of 2nd period - Ben Maxwell is hit by Niklas Hagman and loses puck.
11:51 of 2nd period - Snap shot by Pasi Salonen.
11:51 of 2nd period - Deflect By Cédric Lalonde-McNicoll.
11:51 of 2nd period - Goal by Cédric Lalonde-McNicoll - Senators : 2 - National : 3.
11:52 of 2nd period - Jonathan Cheechoo wins face-off versus Gilbert Brule in neutral zone.
11:55 of 2nd period - Snap shot by Jan Hejda.
11:55 of 2nd period - Stopped by Jason LaBarbera without a rebound.
11:56 of 2nd period - Jarod Palmer wins face-off versus Gilbert Brule in Senators zone.
12:28 of 2nd period - Slapshot by Pasi Salonen.
12:28 of 2nd period - Stopped by Jason LaBarbera with a rebound.
12:34 of 2nd period - Wrist shot by Guillaume Desbiens.
12:34 of 2nd period - Shot Blocked by Clayton Stoner.
12:46 of 2nd period - Slapshot by Erik Karlsson.
12:46 of 2nd period - Stopped by Tyler Plante without a rebound.
12:47 of 2nd period - Igor Makarov wins face-off versus Cody Hodgson in National zone.
12:47 of 2nd period - Igor Makarov is hit by Brett Sterling.
12:52 of 2nd period - Off-side.
12:53 of 2nd period - Gilbert Brule wins face-off versus Jonathan Cheechoo in neutral zone.
13:02 of 2nd period - Wrist shot by B.J. Crombeen.
13:02 of 2nd period - Stopped by Tyler Plante with a rebound.
13:26 of 2nd period - Slapshot by Stanislav Chistov.
13:26 of 2nd period - Shot Misses the Net.
13:58 of 2nd period - Johannes Salmonsson is hit by Jack Skille and loses puck.
14:22 of 2nd period - Icing by Clayton Stoner.
14:23 of 2nd period - Jarod Palmer wins face-off versus Gilbert Brule in Senators zone.
14:34 of 2nd period - Wrist shot by Jonathan Cheechoo.
14:34 of 2nd period - Stopped by Jason LaBarbera with a rebound.
14:36 of 2nd period - Wrist shot by Rico Fata.
14:36 of 2nd period - Stopped by Jason LaBarbera without a rebound.
14:37 of 2nd period - Gilbert Brule wins face-off versus Cédric Lalonde-McNicoll in Senators zone.
14:37 of 2nd period - Gilbert Brule is hit by Dustin Kohn.
14:40 of 2nd period - Icing by Nikolai Kulemin.
14:41 of 2nd period - Gilbert Brule wins face-off versus Cédric Lalonde-McNicoll in Senators zone.
14:46 of 2nd period - Wrist shot by Gilbert Brule.
14:46 of 2nd period - Shot Misses the Net.
14:48 of 2nd period - Snap shot by Gilbert Brule.
14:48 of 2nd period - Deflect By Mathieu Carle.
14:48 of 2nd period - Shot Blocked by Pasi Salonen.
14:48 of 2nd period - Puck is out of play.
14:49 of 2nd period - Jarod Palmer wins face-off versus Gilbert Brule in National zone.
14:54 of 2nd period - Slapshot by Jan Hejda.
14:54 of 2nd period - Shot Blocked by Ryan Parent.
14:57 of 2nd period - Icing by Vladimir Mihalik.
14:58 of 2nd period - Gilbert Brule wins face-off versus Jarod Palmer in Senators zone.
15:16 of 2nd period - Jan Hejda is hit by Nikolai Kulemin and loses puck.
15:23 of 2nd period - Snap shot by Gilbert Brule.
15:23 of 2nd period - Shot Misses the Net.
15:25 of 2nd period - Wrist shot by Nikolai Kulemin.
15:25 of 2nd period - Goal by Nikolai Kulemin - Senators : 3 - National : 3.
15:26 of 2nd period - Nikolai Kulemin wins face-off versus Cédric Lalonde-McNicoll in neutral zone.
15:32 of 2nd period - Jan Hejda beats up Ryan Parent.
15:32 of 2nd period - Penalty to Jan Hejda for Fighting.
15:32 of 2nd period - Penalty to Ryan Parent for Fighting.
15:33 of 2nd period - Cédric Lalonde-McNicoll wins face-off versus Nikolai Kulemin in National zone.
15:38 of 2nd period - Vladimir Mihalik is hit by William Colbert and loses puck.
15:50 of 2nd period - Minor Penalty to Vladimir Mihalik for Holding.
15:51 of 2nd period - Jarod Palmer wins face-off versus B.J. Crombeen in Senators zone.
16:23 of 2nd period - Slapshot by William Colbert.
16:23 of 2nd period - Stopped by Jason LaBarbera without a rebound.
16:24 of 2nd period - B.J. Crombeen wins face-off versus Cédric Lalonde-McNicoll in Senators zone.
17:45 of 2nd period - Mathieu Carle is hit by Brett Sterling and loses puck.
17:50 of 2nd period - Penalty to Vladimir Mihalik is over, Vladimir Mihalik is back on ice.
17:58 of 2nd period - Snap shot by Niklas Hagman.
17:58 of 2nd period - Stopped by Tyler Plante without a rebound.
17:59 of 2nd period - Josh Hennessy wins face-off versus Ben Maxwell in National zone.
18:10 of 2nd period - Snap shot by Stanislav Chistov.
18:10 of 2nd period - Stopped by Tyler Plante without a rebound.
18:11 of 2nd period - Jarod Palmer wins face-off versus Gilbert Brule in National zone.
18:11 of 2nd period - Jarod Palmer is hit by Nikolai Kulemin.
18:24 of 2nd period - Wrist shot by Rico Fata.
18:24 of 2nd period - Stopped by Jason LaBarbera with a rebound.
18:40 of 2nd period - Pasi Salonen is hit by Vladimir Mihalik and loses puck.
19:07 of 2nd period - Wrist shot by Mathieu Carle.
19:07 of 2nd period - Shot Blocked by Logan Stephenson.
19:21 of 2nd period - Icing by Pat Dwyer.
19:22 of 2nd period - Philip DeSimone wins face-off versus Andrew Murray in National zone.
19:22 of 2nd period - Philip DeSimone is hit by Vladimir Mihalik.
19:42 of 2nd period - Travis Moen is hit by William Colbert and loses puck.
Goals for this period are 3 for Senators vs 3 for National.
Shots for this period are 12 for Senators vs 11 for National.
3rd period
0:01 of 3rd period - Jarod Palmer wins face-off versus Gilbert Brule in neutral zone.
0:04 of 3rd period - Slapshot by Rico Fata.
0:04 of 3rd period - Shot Blocked by Clayton Stoner.
0:06 of 3rd period - Slapshot by Ty Wishart.
0:06 of 3rd period - Shot Misses the Net.
0:11 of 3rd period - Minor Penalty to Vladimir Mihalik for Hooking.
0:12 of 3rd period - Jarod Palmer wins face-off versus B.J. Crombeen in Senators zone.
0:32 of 3rd period - Penalty to Ryan Parent is over, Ryan Parent is back on ice.
0:38 of 3rd period - Milan Jurcina is hit by Pasi Salonen and loses puck.
2:11 of 3rd period - Penalty to Vladimir Mihalik is over, Vladimir Mihalik is back on ice.
2:14 of 3rd period - Andrew Murray is hit by Guillaume Desbiens and loses puck.
3:12 of 3rd period - Matt Donovan is hit by Gilbert Brule and loses puck.
4:40 of 3rd period - Ryan Parent is hit by Jan Hejda and loses puck.
4:51 of 3rd period - Snap shot by Steven Goertzen.
4:51 of 3rd period - Shot Misses the Net.
4:53 of 3rd period - Wrist shot by Steven Goertzen.
4:53 of 3rd period - Stopped by Tyler Plante without a rebound.
4:54 of 3rd period - Cody Hodgson wins face-off versus Philip DeSimone in National zone.
5:03 of 3rd period - Snap shot by Steven Goertzen.
5:03 of 3rd period - Deflect By Brett Sterling.
5:03 of 3rd period - Shot Blocked by Johannes Salmonsson.
5:03 of 3rd period - Puck is out of play.
5:04 of 3rd period - Gilbert Brule wins face-off versus Jarod Palmer in National zone.
5:05 of 3rd period - Wrist shot by B.J. Crombeen.
5:05 of 3rd period - Shot Misses the Net.
5:07 of 3rd period - Snap shot by Nikolai Kulemin.
5:07 of 3rd period - Stopped by Tyler Plante with a rebound.
5:37 of 3rd period - Slapshot by Josh Hennessy.
5:37 of 3rd period - Stopped by Tyler Plante with a rebound.
5:39 of 3rd period - Slapshot by Ryan Parent.
5:39 of 3rd period - Stopped by Tyler Plante with a rebound.
6:37 of 3rd period - Wrist shot by Stanislav Chistov.
6:37 of 3rd period - Stopped by Tyler Plante with a rebound.
7:54 of 3rd period - Off-side.
7:55 of 3rd period - Stanislav Chistov wins face-off versus Cédric Lalonde-McNicoll in neutral zone.
8:20 of 3rd period - Igor Makarov is hit by Vladimir Mihalik and loses puck.
8:29 of 3rd period - Slapshot by Jack Skille.
8:29 of 3rd period - Stopped by Tyler Plante without a rebound.
8:30 of 3rd period - Gilbert Brule wins face-off versus Jarod Palmer in National zone.
8:36 of 3rd period - Mathieu Carle is hit by Logan Stephenson and loses puck.
8:39 of 3rd period - Wrist shot by Jarod Palmer.
8:39 of 3rd period - Shot Blocked by Gilbert Brule.
9:09 of 3rd period - Josh Hennessy is hit by Guillaume Desbiens and loses puck.
9:28 of 3rd period - Snap shot by Pasi Salonen.
9:28 of 3rd period - Stopped by Jason LaBarbera without a rebound.
9:29 of 3rd period - Jarod Palmer wins face-off versus Cody Hodgson in Senators zone.
9:34 of 3rd period - Snap shot by Jonathan Cheechoo.
9:34 of 3rd period - Shot Blocked by Cody Hodgson.
9:46 of 3rd period - Vladimir Mihalik is hit by Jarod Palmer.
9:56 of 3rd period - Vladimir Mihalik is hit by Jan Hejda and loses puck.
10:22 of 3rd period - Icing by Ben Maxwell.
10:23 of 3rd period - Gilbert Brule wins face-off versus Ben Maxwell in National zone.
10:26 of 3rd period - Wrist shot by B.J. Crombeen.
10:26 of 3rd period - Shot Misses the Net.
10:34 of 3rd period - B.J. Crombeen is hit by William Colbert and loses puck.
10:49 of 3rd period - Snap shot by B.J. Crombeen.
10:49 of 3rd period - Goal by B.J. Crombeen - Senators : 4 - National : 3.
10:50 of 3rd period - Gilbert Brule wins face-off versus Jarod Palmer in neutral zone.
10:52 of 3rd period - Off-side.
10:53 of 3rd period - Gilbert Brule wins face-off versus Rico Fata in neutral zone.
10:56 of 3rd period - Snap shot by Gilbert Brule.
10:56 of 3rd period - Shot Misses the Net.
11:19 of 3rd period - Snap shot by B.J. Crombeen.
11:19 of 3rd period - Shot Misses the Net.
11:21 of 3rd period - Slapshot by Niklas Hagman.
11:21 of 3rd period - Stopped by Tyler Plante with a rebound.
11:23 of 3rd period - Snap shot by Josh Hennessy.
11:23 of 3rd period - Shot Blocked by Jan Hejda.
11:25 of 3rd period - Wrist shot by Ryan Parent.
11:25 of 3rd period - Deflect By Stanislav Chistov.
11:25 of 3rd period - Stopped by Tyler Plante without a rebound.
11:26 of 3rd period - Josh Hennessy wins face-off versus Cédric Lalonde-McNicoll in National zone.
11:41 of 3rd period - Slapshot by Stanislav Chistov.
11:41 of 3rd period - Shot Misses the Net.
11:49 of 3rd period - Snap shot by Niklas Hagman.
11:49 of 3rd period - Stopped by Tyler Plante without a rebound.
11:50 of 3rd period - Gilbert Brule wins face-off versus Jarod Palmer in National zone.
12:40 of 3rd period - Josh Hennessy is hit by Ben Maxwell and loses puck.
13:41 of 3rd period - Minor Penalty to Logan Stephenson for High sticking.
13:42 of 3rd period - B.J. Crombeen wins face-off versus Jarod Palmer in Senators zone.
13:50 of 3rd period - Wrist shot by Nikolai Kulemin.
13:50 of 3rd period - Shot Misses the Net.
13:52 of 3rd period - Slapshot by Milan Jurcina.
13:52 of 3rd period - Stopped by Tyler Plante without a rebound.
13:53 of 3rd period - Rico Fata wins face-off versus B.J. Crombeen in National zone.
14:02 of 3rd period - Wrist shot by Jonathan Cheechoo.
14:02 of 3rd period - Goal by Jonathan Cheechoo - Senators : 4 - National : 4.
14:03 of 3rd period - Gilbert Brule wins face-off versus Jarod Palmer in neutral zone.
14:08 of 3rd period - Slapshot by Vladimir Mihalik.
14:08 of 3rd period - Shot Blocked by William Colbert.
14:10 of 3rd period - Wrist shot by B.J. Crombeen.
14:10 of 3rd period - Stopped by Tyler Plante without a rebound.
14:11 of 3rd period - Jarod Palmer wins face-off versus Gilbert Brule in National zone.
14:33 of 3rd period - Slapshot by Gilbert Brule.
14:33 of 3rd period - Stopped by Tyler Plante with a rebound.
14:35 of 3rd period - Wrist shot by B.J. Crombeen.
14:35 of 3rd period - Stopped by Tyler Plante with a rebound.
14:37 of 3rd period - Wrist shot by Vladimir Mihalik.
14:37 of 3rd period - Stopped by Tyler Plante with a rebound.
14:39 of 3rd period - Slapshot by Ryan Parent.
14:39 of 3rd period - Stopped by Tyler Plante with a rebound.
14:41 of 3rd period - Slapshot by Vladimir Mihalik.
14:41 of 3rd period - Shot Misses the Net.
14:43 of 3rd period - Snap shot by B.J. Crombeen.
14:43 of 3rd period - Deflect By Nikolai Kulemin.
14:43 of 3rd period - Stopped by Tyler Plante with a rebound.
14:45 of 3rd period - Slapshot by Ryan Parent.
14:45 of 3rd period - Shot Misses the Net.
14:47 of 3rd period - Slapshot by Vladimir Mihalik.
14:47 of 3rd period - Stopped by Tyler Plante with a rebound.
15:01 of 3rd period - Snap shot by Jonathan Cheechoo.
15:01 of 3rd period - Stopped by Jason LaBarbera with a rebound.
15:12 of 3rd period - Snap shot by Gilbert Brule.
15:12 of 3rd period - Stopped by Tyler Plante with a rebound.
15:42 of 3rd period - Slapshot by Jan Hejda.
15:42 of 3rd period - Shot Misses the Net.
16:00 of 3rd period - Slapshot by B.J. Crombeen.
16:00 of 3rd period - Stopped by Tyler Plante with a rebound.
16:02 of 3rd period - Wrist shot by Gilbert Brule.
16:02 of 3rd period - Goal by Gilbert Brule - Senators : 5 - National : 4.
16:03 of 3rd period - Ben Maxwell wins face-off versus Andrew Murray in neutral zone.
16:18 of 3rd period - Snap shot by Jesse Joensuu.
16:18 of 3rd period - Shot Blocked by Milan Jurcina.
16:28 of 3rd period - Travis Moen is hit by Pasi Salonen and loses puck.
16:35 of 3rd period - Snap shot by Guillaume Desbiens.
16:35 of 3rd period - Stopped by Jason LaBarbera with a rebound.
16:37 of 3rd period - Slapshot by Matt Donovan.
16:37 of 3rd period - Shot Misses the Net.
17:34 of 3rd period - Wrist shot by Jesse Joensuu.
17:34 of 3rd period - Shot Blocked by Niklas Hagman.
17:36 of 3rd period - Slapshot by Igor Makarov.
17:36 of 3rd period - National goal is going for a video replay.
17:36 of 3rd period - The goal is refused. The puck has entered the net after making contact with an attacking player’s stick that is above the height of the crossbar..
17:37 of 3rd period - Josh Hennessy wins face-off versus Pasi Salonen in Senators zone.
17:58 of 3rd period - Icing by Jan Hejda.
17:59 of 3rd period - Andrew Murray wins face-off versus Ben Maxwell in National zone.
18:00 of 3rd period - Wrist shot by Travis Moen.
18:00 of 3rd period - Shot Misses the Net.
18:16 of 3rd period - Snap shot by Igor Makarov.
18:16 of 3rd period - Goal by Igor Makarov - Senators : 5 - National : 5.
18:17 of 3rd period - Ben Maxwell wins face-off versus Andrew Murray in neutral zone.
18:22 of 3rd period - Slapshot by Jan Hejda.
18:22 of 3rd period - Deflect By Jesse Joensuu.
18:22 of 3rd period - Goal by Jesse Joensuu - Senators : 5 - National : 6.
18:23 of 3rd period - Andrew Murray wins face-off versus Ben Maxwell in neutral zone.
18:25 of 3rd period - Minor Penalty to Andrew Murray for Roughing.
18:26 of 3rd period - Jarod Palmer wins face-off versus B.J. Crombeen in Senators zone.
18:42 of 3rd period - Snap shot by Rico Fata.
18:42 of 3rd period - Shot Misses the Net.
19:08 of 3rd period - Logan Stephenson is hit by Rico Fata and loses puck.
Goals for this period are 2 for Senators vs 3 for National.
Shots for this period are 21 for Senators vs 7 for National.
Output by the SimonT Hockey Simulator (STHS) for François Prévost -- Original Page W3C XHTML 1.0 Valid